[ AOE2 MATCH · #495807797 ]
UnrankedPoles vs Incas
Player's team · WIN
Rival team · LOSS
[ REPLAY ANALYSIS · EXTRACTED FROM THE RECORDED GAME ]
Feudal
9:24
Castle
21:45
Imperial
—
| APM avg | 63.0 |
| APM peak | 93 |
| eAPM avg | 32.2 |
| Villagers / military | 77 / 51 |
Focus
⚔️ 39.7% · 🌾 60.3%
Knight ×22 · Scout Cavalry ×15 · Archer ×12 · Monk ×2
Feudal
10:12
Castle
24:54
Imperial
—
| APM avg | 38.9 |
| APM peak | 54 |
| eAPM avg | 23.7 |
| Villagers / military | 58 / 11 |
Focus
⚔️ 46.2% · 🌾 53.8%
Unknown (2550) ×49 · Spearman ×6 · Monk ×5
Match map
Initial resources + every placement click. Lines = walls · curves = elevation contours. ◆ gold · ⬟ stone · ● berries · ✦ relic · ◌ wall gap
Your base· Open — 2t gap
UndercoverPilot's base· Open — unwalled flank
Smoothed initial terrain · ◌ = detected wall gap · hover for details
Inputs per minute
— HR FabiaN - - UndercoverPilot
Build order — HR FabiaN
First 150 of 230 actions detected
| 0:02 | Build | House |
| 0:02 | Queue | Villager (Male) |
| 0:02 | Queue | Villager (Male) |
| 0:03 | Queue | Villager (Male) |
| 0:04 | Build | House |
| 0:05 | Queue | Villager (Male) |
| 0:06 | Queue | Villager (Male) |
| 1:30 | Queue | Villager (Male) |
| 1:56 | Queue | Villager (Male) |
| 2:09 | Queue | Villager (Male) |
| 2:23 | Build | Lumber Camp |
| 2:29 | Queue | Villager (Male) |
| 3:08 | Queue | Villager (Male) |
| 3:08 | Queue | Villager (Male) |
| 3:30 | Build | House |
| 3:32 | Build | House |
| 3:38 | Queue | Villager (Male) |
| 4:04 | Queue | Villager (Male) |
| 4:05 | Queue | Villager (Male) |
| 4:23 | Build | Palisade Wall |
| 4:29 | Queue | Villager (Male) |
| 5:00 | Queue | Villager (Male) |
| 5:20 | Queue | Villager (Male) |
| 5:26 | Build | Mill |
| 5:27 | Queue | Villager (Male) |
| 6:23 | Research | Loom |
| 6:23 | Research | Loom |
| 6:24 | Research | Loom |
| 6:45 | Queue | Villager (Male) |
| 6:57 | Build | House |
| 7:14 | Research | Feudal Age |
| 7:27 | Build | Palisade Wall |
| 7:38 | Build | Palisade Wall |
| 7:41 | Build | Palisade Wall |
| 7:48 | Build | Palisade Wall |
| 8:11 | Build | House |
| 8:42 | Build | Barracks |
| 9:14 | Queue | Villager (Male) |
| 9:24 | Age | Feudal Age |
| 9:34 | Build | Stable |
| 9:37 | Queue | Villager (Male) |
| 9:54 | Research | Double-Bit Axe |
| 9:54 | Research | Double-Bit Axe |
| 9:57 | Research | Horse Collar |
| 9:57 | Research | Horse Collar |
| 9:57 | Research | Horse Collar |
| 9:57 | Research | Horse Collar |
| 9:57 | Research | Horse Collar |
| 10:12 | Queue | Villager (Male) |
| 10:19 | Queue | Scout Cavalry |
| 10:19 | Queue | Scout Cavalry |
| 10:34 | Queue | Villager (Male) |
| 10:39 | Queue | Scout Cavalry |
| 10:57 | Queue | Villager (Male) |
| 11:01 | Build | Archery Range |
| 11:22 | Queue | Villager (Male) |
| 11:29 | Build | Mining Camp |
| 11:34 | Queue | Scout Cavalry |
| 11:35 | Queue | Scout Cavalry |
| 11:47 | Build | Farm |
| 11:48 | Queue | Archer |
| 11:49 | Queue | Archer |
| 11:59 | Queue | Villager (Male) |
| 12:11 | Build | Farm |
| 12:20 | Build | House |
| 12:24 | Queue | Villager (Male) |
| 12:34 | Queue | Villager (Male) |
| 12:37 | Build | Farm |
| 12:42 | Queue | Archer |
| 12:42 | Queue | Archer |
| 12:42 | Queue | Archer |
| 12:58 | Queue | Villager (Male) |
| 13:05 | Build | Farm |
| 13:07 | Queue | Scout Cavalry |
| 13:08 | Queue | Archer |
| 13:11 | Queue | Villager (Male) |
| 13:19 | Queue | Archer |
| 13:25 | Build | House |
| 13:32 | Build | Mill |
| 13:34 | Queue | Scout Cavalry |
| 13:41 | Queue | Villager (Male) |
| 13:45 | Build | Farm |
| 13:57 | Queue | Villager (Male) |
| 14:15 | Build | Blacksmith |
| 14:29 | Queue | Villager (Male) |
| 14:30 | Queue | Archer |
| 14:32 | Queue | Scout Cavalry |
| 14:37 | Build | Farm |
| 14:39 | Build | Farm |
| 14:44 | Queue | Villager (Male) |
| 14:55 | Queue | Archer |
| 14:56 | Queue | Scout Cavalry |
| 14:56 | Queue | Villager (Male) |
| 15:04 | Research | Fletching |
| 15:04 | Research | Fletching |
| 15:04 | Research | Fletching |
| 15:04 | Research | Fletching |
| 15:05 | Research | Fletching |
| 15:05 | Research | Fletching |
| 15:08 | Queue | Villager (Male) |
| 15:11 | Build | Farm |
| 15:13 | Build | Farm |
| 15:26 | Build | House |
| 15:28 | Build | House |
| 15:30 | Build | Palisade Wall |
| 15:35 | Build | Farm |
| 16:40 | Queue | Villager (Male) |
| 16:43 | Build | Farm |
| 16:46 | Queue | Archer |
| 16:47 | Queue | Scout Cavalry |
| 16:49 | Queue | Villager (Male) |
| 17:08 | Queue | Villager (Male) |
| 17:09 | Queue | Archer |
| 17:14 | Build | Mill |
| 17:16 | Queue | Villager (Male) |
| 17:18 | Build | Farm |
| 17:20 | Build | Farm |
| 17:23 | Build | Farm |
| 17:27 | Queue | Villager (Male) |
| 17:30 | Build | Farm |
| 17:31 | Build | Lumber Camp |
| 17:43 | Build | Farm |
| 18:20 | Queue | Villager (Male) |
| 19:05 | Research | Castle Age |
| 19:06 | Research | Castle Age |
| 19:12 | Queue | Scout Cavalry |
| 19:13 | Queue | Archer |
| 19:21 | Build | Stable |
| 19:29 | Research | Bloodlines |
| 19:29 | Research | Bloodlines |
| 19:35 | Queue | Villager (Male) |
| 19:44 | Queue | Scout Cavalry |
| 20:29 | Queue | Scout Cavalry |
| 20:51 | Research | Forging |
| 20:51 | Research | Forging |
| 20:55 | Build | Mill |
| 20:59 | Build | Farm |
| 21:00 | Build | Farm |
| 21:02 | Build | Farm |
| 21:16 | Queue | Scout Cavalry |
| 21:30 | Build | Lumber Camp |
| 21:32 | Queue | Scout Cavalry |
| 21:45 | Age | Castle Age |
| 21:48 | Research | Light Cavalry (upgrade) |
| 21:50 | Queue | Knight |
| 21:52 | Research | Scale Barding Armor |
| 21:52 | Research | Scale Barding Armor |
| 22:17 | Queue | Villager (Male) |
| 22:18 | Queue | Villager (Male) |
| 22:25 | Queue | Knight |
Build order — UndercoverPilot
First 150 of 204 actions detected
| 0:00 | Queue | Villager (Male) |
| 0:01 | Build | House |
| 0:02 | Build | House |
| 0:15 | Queue | Villager (Male) |
| 0:15 | Queue | Villager (Male) |
| 0:15 | Queue | Villager (Male) |
| 1:33 | Queue | Villager (Male) |
| 2:00 | Queue | Villager (Male) |
| 2:28 | Queue | Villager (Male) |
| 2:33 | Build | Settlement |
| 2:50 | Queue | Villager (Male) |
| 3:16 | Queue | Villager (Male) |
| 3:17 | Queue | Villager (Male) |
| 3:39 | Queue | Villager (Male) |
| 4:30 | Queue | Villager (Male) |
| 4:31 | Queue | Villager (Male) |
| 4:31 | Queue | Villager (Male) |
| 5:01 | Build | Barracks |
| 5:17 | Queue | Villager (Male) |
| 5:17 | Queue | Villager (Male) |
| 5:53 | Queue | Unit 2550 |
| 5:53 | Queue | Unit 2550 |
| 5:54 | Queue | Unit 2550 |
| 6:08 | Queue | Villager (Male) |
| 6:35 | Queue | Villager (Male) |
| 7:01 | Build | Settlement |
| 7:02 | Queue | Villager (Male) |
| 7:17 | Research | Loom |
| 7:42 | Build | Settlement |
| 8:02 | Research | Feudal Age |
| 8:02 | Research | Feudal Age |
| 9:42 | Queue | Villager (Male) |
| 10:12 | Age | Feudal Age |
| 10:13 | Queue | Unit 2550 |
| 10:14 | Queue | Villager (Male) |
| 10:17 | Research | Double-Bit Axe |
| 10:18 | Research | Horse Collar |
| 10:24 | Research | Horse Collar |
| 10:35 | Research | Horse Collar |
| 10:35 | Research | Horse Collar |
| 10:37 | Queue | Villager (Male) |
| 10:43 | Queue | Unit 2550 |
| 10:44 | Queue | Unit 2550 |
| 10:46 | Queue | Villager (Male) |
| 10:50 | Build | Farm |
| 10:51 | Build | Farm |
| 10:53 | Build | Farm |
| 10:56 | Build | Farm |
| 10:58 | Build | Farm |
| 11:02 | Queue | Villager (Male) |
| 11:16 | Build | Farm |
| 11:25 | Queue | Spearman |
| 11:26 | Queue | Villager (Male) |
| 11:28 | Build | Palisade Wall |
| 11:31 | Build | Palisade Wall |
| 11:32 | Build | Palisade Wall |
| 11:36 | Build | Palisade Wall |
| 11:36 | Build | Palisade Wall |
| 11:37 | Build | Palisade Wall |
| 11:38 | Build | Palisade Wall |
| 11:42 | Build | Palisade Wall |
| 11:48 | Build | Palisade Wall |
| 11:49 | Build | Palisade Wall |
| 11:50 | Build | Palisade Wall |
| 11:52 | Build | Palisade Wall |
| 11:53 | Build | Palisade Wall |
| 11:54 | Build | Palisade Wall |
| 11:59 | Queue | Unit 2550 |
| 12:17 | Build | Farm |
| 12:27 | Build | Farm |
| 12:29 | Build | Farm |
| 12:43 | Queue | Villager (Male) |
| 12:56 | Queue | Villager (Male) |
| 12:59 | Build | Farm |
| 13:03 | Build | Palisade Wall |
| 13:04 | Build | Palisade Wall |
| 13:04 | Build | Palisade Wall |
| 13:07 | Build | Palisade Wall |
| 13:08 | Build | Palisade Wall |
| 13:16 | Queue | Villager (Male) |
| 13:26 | Build | Farm |
| 13:33 | Queue | Villager (Male) |
| 13:35 | Queue | Unit 2550 |
| 13:39 | Build | Farm |
| 13:40 | Build | Farm |
| 13:48 | Build | Palisade Wall |
| 14:01 | Build | Palisade Wall |
| 14:04 | Build | Palisade Wall |
| 14:11 | Queue | Villager (Male) |
| 14:30 | Queue | Villager (Male) |
| 14:48 | Queue | Villager (Male) |
| 14:50 | Build | Blacksmith |
| 14:53 | Queue | Unit 2550 |
| 14:55 | Queue | Villager (Male) |
| 15:22 | Research | Scale Mail Armor |
| 15:24 | Queue | Unit 2550 |
| 15:31 | Build | Barracks |
| 15:36 | Research | Forging |
| 15:40 | Build | Palisade Wall |
| 15:45 | Queue | Villager (Male) |
| 15:52 | Queue | Villager (Male) |
| 15:59 | Queue | Unit 2550 |
| 15:59 | Queue | Spearman |
| 16:08 | Build | Farm |
| 16:10 | Queue | Villager (Male) |
| 16:13 | Queue | Unit 2550 |
| 16:14 | Queue | Unit 2550 |
| 16:18 | Queue | Unit 2550 |
| 16:18 | Queue | Unit 2550 |
| 16:19 | Queue | Unit 2550 |
| 16:27 | Queue | Villager (Male) |
| 16:45 | Queue | Unit 2550 |
| 16:50 | Queue | Villager (Male) |
| 16:58 | Queue | Unit 2550 |
| 16:59 | Queue | Unit 2550 |
| 17:14 | Build | Barracks |
| 17:32 | Queue | Villager (Male) |
| 17:55 | Queue | Villager (Male) |
| 18:01 | Queue | Villager (Male) |
| 18:20 | Queue | Unit 2550 |
| 18:23 | Queue | Villager (Male) |
| 18:36 | Queue | Unit 2550 |
| 18:36 | Queue | Unit 2550 |
| 18:59 | Queue | Unit 2550 |
| 19:05 | Queue | Unit 2550 |
| 19:09 | Build | Barracks |
| 19:12 | Queue | Unit 2550 |
| 19:15 | Queue | Villager (Male) |
| 19:26 | Research | Town Watch |
| 19:26 | Research | Town Watch |
| 19:34 | Build | House |
| 19:42 | Queue | Villager (Male) |
| 19:52 | Queue | Unit 2550 |
| 19:52 | Queue | Unit 2550 |
| 19:52 | Queue | Unit 2550 |
| 19:55 | Queue | Villager (Male) |
| 20:11 | Queue | Villager (Male) |
| 20:12 | Queue | Unit 2550 |
| 20:19 | Queue | Unit 2550 |
| 20:43 | Queue | Villager (Male) |
| 20:59 | Queue | Villager (Male) |
| 21:02 | Build | Market |
| 21:07 | Build | Farm |
| 21:08 | Build | Farm |
| 21:12 | Queue | Villager (Male) |
| 21:12 | Queue | Villager (Male) |
| 21:15 | Build | Farm |
| 21:17 | Build | Farm |
| 21:18 | Queue | Unit 2550 |
| 21:18 | Queue | Unit 2550 |
Match timeline
| 4:23 | HR FabiaN · wall_segment Palisade Wall x9 |
| 5:01 | UndercoverPilot · first_building Barracks |
| 7:27 | HR FabiaN · wall_segment Palisade Wall x5 |
| 7:38 | HR FabiaN · wall_segment Palisade Wall x11 |
| 7:41 | HR FabiaN · wall_segment Palisade Wall x4 |
| 7:48 | HR FabiaN · wall_segment Palisade Wall x3 |
| 8:42 | HR FabiaN · first_building Barracks |
| 9:24 | HR FabiaN · age_up feudal |
| 9:34 | HR FabiaN · first_building Stable |
| 10:12 | UndercoverPilot · age_up feudal |
| 11:01 | HR FabiaN · first_building Archery Range |
| 11:28 | UndercoverPilot · wall_segment Palisade Wall x1 |
| 11:31 | UndercoverPilot · wall_segment Palisade Wall x1 |
| 11:32 | UndercoverPilot · wall_segment Palisade Wall x1 |
| 11:36 | UndercoverPilot · wall_segment Palisade Wall x1 |
| 11:36 | UndercoverPilot · wall_segment Palisade Wall x1 |
| 11:37 | UndercoverPilot · wall_segment Palisade Wall x1 |
| 11:38 | UndercoverPilot · wall_segment Palisade Wall x1 |
| 11:42 | UndercoverPilot · wall_segment Palisade Wall x1 |
| 11:48 | UndercoverPilot · wall_segment Palisade Wall x1 |
| 11:49 | UndercoverPilot · wall_segment Palisade Wall x1 |
| 11:50 | UndercoverPilot · wall_segment Palisade Wall x1 |
| 11:52 | UndercoverPilot · wall_segment Palisade Wall x1 |
| 11:53 | UndercoverPilot · wall_segment Palisade Wall x1 |
| 11:54 | UndercoverPilot · wall_segment Palisade Wall x1 |
| 13:03 | UndercoverPilot · wall_segment Palisade Wall x1 |
| 13:04 | UndercoverPilot · wall_segment Palisade Wall x1 |
| 13:04 | UndercoverPilot · wall_segment Palisade Wall x1 |
| 13:07 | UndercoverPilot · wall_segment Palisade Wall x1 |
| 13:08 | UndercoverPilot · wall_segment Palisade Wall x1 |
| 13:48 | UndercoverPilot · wall_segment Palisade Wall x1 |
| 14:01 | UndercoverPilot · wall_segment Palisade Wall x1 |
| 14:04 | UndercoverPilot · wall_segment Palisade Wall x1 |
| 15:30 | HR FabiaN · wall_segment Palisade Wall x4 |
| 15:40 | UndercoverPilot · wall_segment Palisade Wall x1 |
| 21:45 | HR FabiaN · age_up castle |
| 22:13 | UndercoverPilot · first_market_buy 100 food |
| 24:21 | HR FabiaN · first_building Monastery |
| 24:54 | UndercoverPilot · age_up castle |
| 25:30 | UndercoverPilot · first_building Monastery |
| 26:52 | UndercoverPilot · wall_segment Palisade Wall x1 |
| 28:22 | UndercoverPilot · resign |
[ AI ANALYSIS · 1 CREDIT ]
What really happened in this match?
Wolo.gg analyzes every decision: build order, eco, micro, common mistakes by bracket. Personalized analysis on WhatsApp or Discord in 30 seconds.
Civ guide
Poles
Perfil
Jugador #211236